 Dungeon Crawl Stone Soup version 0.28-a0-1312-g71652a0310 (webtiles) character file.

Game seed: 2544718374751414248

263 croobank the Sneak (level 6, -1/43 HPs)
             Began as an Octopode Delver on Dec 27, 2021.
             Slain by Duvessa (5 damage)
             ... on level 4 of the Dungeon.
             The game lasted 00:19:16 (4421 turns).

croobank the Sneak (Octopode Delver)                Turns: 4421, Time: 00:19:17

Health: -1/43      AC:  5    Str: 12    XL:     6   Next: 19%
Magic:  6/6        EV: 14    Int: 14    God:
Gold:   202        SH:  0    Dex: 13    Spells: 5/5 levels left

rFire   . . .      SeeInvis .   j - +6 dagger (venom)
rCold   . . .      Faith    .   (no shield)
rNeg    . . .      Spirit   .   (helmet restricted)
rPois   .          Reflect  .   (no amulet)
rElec   .          Harm     .   B - +4 ring of protection
rCorr   .          Rampage  .   (no ring)
Will    .....                   (no ring)
Stlth   +++++.....              (no ring)
HPRegen 0.14/turn               (no ring)
MPRegen 0.10/turn               (no ring)
                                (no ring)
                                (no ring)

@: no status effects
A: almost no armour, amphibious, 8 rings, camouflage 1, gelatinous body 1,
(nimble swimmer 1), tentacles
a: no special abilities


You were on level 4 of the Dungeon.
You visited 1 branch of the dungeon, and saw 5 of its levels.

You collected 202 gold pieces.

Inventory:

Hand Weapons
 a - a +0 hand axe
 j - a +6 dagger of venom (weapon)
 o - a +0 spear
 u - a +0 mace
 x - a +0 dagger of pain
Missiles
 k - 3 boomerangs (quivered)
 n - 100 stones
 q - 2 curare-tipped darts
 t - 13 arrows
 v - 23 bolts
 y - 36 sling bullets
Armour
 A - a +1 tower shield
Jewellery
 B - a +4 ring of protection (left tentacle)
Wands
 f - a wand of digging (3)
Scrolls
 b - a scroll of fog
Potions
 e - a potion of haste
 l - a potion of magic
 m - a potion of flight {unknown}
 p - a potion of heal wounds {unknown}
 s - a potion of degeneration {unknown}
 w - a potion of invisibility {unknown}
 z - 2 potions of curing
 C - a potion of attraction {unknown}
 D - a potion of might {unknown}


   Skills:
 + Level 4.2 Fighting
 + Level 0.7 Short Blades
 - Level 3.2 Axes
 + Level 3.5 Dodging
 + Level 7.9 Stealth


You had 5 spell levels left.
You didn't know any spells.
Your spell library contained the following spells:

 Spells                   Type           Power      Damage    Failure   Level
 Gell's Gravitas          Tloc           0%         N/A       65%         3
 Lesser Beckoning         Tloc           0%         N/A       65%         3
 Teleport Other           Tloc           0%         N/A       65%         3
 Summon Lightning Spire   Summ/Air       0%         N/A       96%         4
 Storm Form               Tmut/Air       0%         N/A       100%        7
 Maxwell's Capacitive Co  Air            0%         ∞         100%        8


Dungeon Overview and Level Annotations

Branches:
Dungeon (5/15)
 Temple: D:4-7

Altars:

Annotations:
D:4 Duvessa


Innate Abilities, Weirdness & Mutations

You cannot wear most types of armour.
You are amphibious.
You can wear up to eight rings at the same time.
Your skin changes colour to match your surroundings (Stealth+).
Your rubbery body absorbs attacks. (AC +1, EV +1)
((You are camouflaged when in or above water. (Stealth+)))
You have tentacles for arms and can constrict up to eight enemies at once.


Message History

As you read the scroll labelled XEN TOP ZELAJI, it crumbles to dust.
It is a scroll of identify.
l - a potion of magic Dowan, Brother of Duvessa comes into view.
He is wielding a +3 dagger of flaming. 2 orcs, an orc priest, an orc wizard and Duvessa come into view.
The helpless Dowan fails to defend himself.
You impale Dowan!!
You kill Dowan!
Duvessa screams in rage.
Duvessa goes berserk!
Duvessa rages.
The orc shouts!
The orc priest shouts!
You have reached level 6!
The orc shouts!
The orc wizard shouts!
You puncture Duvessa!
Duvessa is poisoned.
You grab Duvessa.
Duvessa is lightly wounded.
You constrict Duvessa, but do no damage.
Duvessa hits you with a +3 short sword! Duvessa hits you with a +3 short sword.
The orc wizard gestures wildly while chanting.
The orc wizard flickers and vanishes!
Deactivating autopickup; reactivate with Ctrl-A.
You hit Duvessa but do no damage.
Duvessa looks as sick as possible!
You squeeze Duvessa!
Duvessa is moderately wounded.
You constrict Duvessa. Duvessa hits you with a +3 short sword.
An orc comes into view. It is wielding a +0 club.
You hit Duvessa.
Duvessa looks as sick as possible!
Duvessa is moderately wounded.
You constrict Duvessa, but do no damage.
Duvessa hits you with a +3 short sword.
Press: ? - help, v - describe, . - travel, g - get item
Here: Duvessa, wielding a +3 short sword and wearing a +0 ring mail (heavily wounded, constricted by you, berserk, extremely poisoned)
Items here: ! ) [ †.
The floor, spattered with blood.
You hit Duvessa.
Duvessa looks as sick as possible!
Duvessa is heavily wounded.
You constrict Duvessa. Duvessa hits you with a +3 short sword!
* * * LOW HITPOINT WARNING * * *
Duvessa hits you with a +3 short sword.
You die...

########### #..........
#.........#
#)#.#####.#.
#.#.#####.#.o
#.#.......# #.#########
#.######..# #.oe......#
#.# #..######@.....#
#.# #..............#
#.######.#######.....##
.........# .........
#.#########..
#########.
#.#..........
#.#...#####. ....#.#
#...#.#


You could see Duvessa (berserk, extremely poisoned), an orc priest and an orc.

Vanquished Creatures
  Dowan (D:4)
  Jessica (D:3)
  4 gnolls
  7 adders
  A white imp (D:3)
  3 dart slugs
  5 ball pythons
  5 endoplasms
  2 giant cockroaches
  6 goblins
  11 hobgoblins
  9 jackals
  2 quokkas
  4 bats
  3 frilled lizards (D:3)
  5 kobolds
  5 rats
74 creatures vanquished.

Notes
Turn   | Place    | Note
-------+----------+-------------------------------------------
     0 | D:5      | croobank the Octopode Delver began the quest for the Orb.
     0 | D:5      | Reached XP level 1. HP: 16/16 MP: 1/1
    89 | D:5      | Noticed a phantom
   103 | D:5      | Noticed a hound
   169 | D:5      | Noticed an ogre
   773 | D:1      | Reached XP level 2. HP: 21/21 MP: 2/2
  1638 | D:1      | Reached XP level 3. HP: 23/26 MP: 3/3
  1802 | D:2      | Reached skill level 7 in Stealth
  2165 | D:2      | Reached XP level 4. HP: 27/31 MP: 4/4
  2911 | D:3      | Reached XP level 5. HP: 32/37 MP: 5/5
  3819 | D:3      | Noticed Jessica
  3831 | D:3      | Killed Jessica
  4136 | D:3      | Found a faded altar of an unknown god.
  4353 | D:4      | Noticed an ogre
  4415 | D:4      | Noticed Dowan
  4416 | D:4      | Noticed Duvessa
  4417 | D:4      | Killed Dowan
  4418 | D:4      | Reached XP level 6. HP: 43/43 MP: 6/6
  4421 | D:4      | Slain by Duvessa

Illustrated notes

Levels and vault maps discovered:
D:1:      minmay_arrival_four_houses, layout_basic, minmay_cut_off
D:2:      layout_rooms, minmay_fractal_squares_gapless_5
D:3:      layout_loops_ring, chequers_ecumenical_altar_grove,
          hangedman_decor_clover_reticule, uniq_jessica
D:4:      layout_basic, minmay_temple_entry_mist, uniq_duvessa
D:5:      layout_basic, corexii_mini_fake_secret_closet, uniq_blork_the_orc,
          uniq_menkaure

Skill      XL: |  1  2  3  4  5 |
---------------+----------------+-----
Stealth        | 7 |  7.9
Dodging        | 3 |  3.5
Axes           | 3 |  3.2
Fighting       | 4 |  4.2
Short Blades   | |  0.7

Action                   |  1- 3 |  4- 6 || total
-------------------------+-------+-------++-------
Melee: Hand axe          |    68 |    91 ||   159
       Constrict         |    12 |    23 ||    35
       Tentacles         |     7 |    16 ||    23
       Dagger            |       |     7 ||     7
Throw: Boomerang         |     4 |       ||     4
  Use: Scroll            |     2 |     9 ||    11
       Potion            |     1 |       ||     1
 Stab: Sleeping          |    12 |    19 ||    31
Armor: Skin              |     3 |     9 ||    12
Dodge: Dodged            |    42 |    64 ||   106

Table legend: (Time is in decaauts)
 A = Elapsed time spent in this place.
 B = Non-inter-level travel time spent in this place.
 C = Inter-level travel time spent in this place.
 D = Time resting spent in this place.
 E = Time spent auto-exploring this place.
 F = Levels seen in this place.
 G = Mean time per level.
                   A        B        C        D        E       F      G
               +--------+--------+--------+--------+--------+-----+--------+
         Total |   4451 |   4388 |     63 |   1406 |   1635 |   5 |  890.2 |
       Dungeon |   4451 |   4388 |     63 |   1406 |   1635 |   5 |  890.2 |
               +--------+--------+--------+--------+--------+-----+--------+

Top non-repeatable levels by time:
     D:2: 1558 daAuts
     D:1: 1401 daAuts
     D:3: 1063 daAuts
     D:5: 252 daAuts
     D:4: 176 daAuts
